 Dungeon Crawl Stone Soup version 0.29-a0-25-g7f48f510a0 (webtiles) character file.

Game seed: 5079844129162498766

7 ddubois the Ruffian (level 1, -2/16 HPs)
             Began as a Palentonga Transmuter on Jan 31, 2022.
             Was a Follower of Wu Jian.
             Slain by a ball python (3 damage)
             ... on level 2 of the Dungeon.
             The game lasted 00:01:36 (312 turns).

ddubois the Ruffian (Palentonga Transmuter)          Turns: 312, Time: 00:01:37

Health: -2/16      AC:  5    Str: 13    XL:     1   Next: 91%
Magic:  3/3        EV: 10    Int: 13    God:    Wu Jian [*.....]
Gold:   26         SH:  0    Dex: 10    Spells: 3/4 levels left

rFire   . . .      SeeInvis +     - Unarmed
rCold   . . .      Faith    .   (no shield)
rNeg    . . .      Spirit   .   a - +0 robe
rPois   .          Reflect  .   (no helmet)
rElec   .          Harm     .   e - +0 cloak
rCorr   .          Rampage  .   (no gloves)
Will    .....                   (no barding)
Stlth   +.........              (no amulet)
HPRegen 0.05/turn               (no ring)
MPRegen 0.08/turn               (no ring)

@: no status effects
A: large, rugged brown scales 3, see invisible, deformed body, roll 1, armoured
tail
a: Rolling Charge, Renounce Religion


You were on level 2 of the Dungeon.
You worshipped Wu Jian.
Wu Jian was aware of your devotion.
You visited 1 branch of the dungeon, and saw 2 of its levels.

You collected 26 gold pieces.

Inventory:

Missiles
 c - 27 stones
Armour
 a - a +0 robe (worn)
 e - a +0 cloak (worn)
Scrolls
 d - a scroll of enchant armour {unknown}
Potions
 b - a potion of lignification {unknown}


   Skills:
 + Level 1.5 Fighting
 + Level 1.9 Dodging
 - Level 3.0 Unarmed Combat
 - Level 2.0 Spellcasting
 - Level 2.0 Transmutations


You had 3 spell levels left.
You knew the following spells:

 Your Spells              Type           Power      Damage    Failure   Level
a - Beastly Appendage     Tmut           12%        N/A       11%         1

Your spell library contained the following spells:

 Spells                   Type           Power      Damage    Failure   Level
 Wereblood                Tmut           6%         N/A       17%         2
 Spider Form              Tmut/Pois      3%         N/A       45%         3
 Ice Form                 Ice/Tmut       3%         N/A       86%         4


Dungeon Overview and Level Annotations

Branches:
Dungeon (2/15)

Altars:
Wu Jian


Innate Abilities, Weirdness & Mutations

You are completely covered in rugged brown scales. (AC +3, +7% HP)
You have supernaturally acute eyesight. (SInv)
Armour fits poorly on your strangely shaped body.
You can roll at nearby foes to attack.
You have a long armoured tail.


Message History

The jackal barely misses you.
You are too injured to fight recklessly!
You are too injured to fight recklessly!
The jackal misses you.
The kobold throws a stone.
The stone hits you.
The jackal bites you but does no damage.
The jackal barely misses you. The jackal barely misses you.
The jackal barely misses you.
The jackal bites you but does no damage.
The jackal bites you but does no damage. x2
The jackal bites you.
The jackal bites you but does no damage.
The jackal closely misses you.
The jackal bites you but does no damage.
You see here a rat skeleton.
There is a stone staircase leading down here.
The jackal bites you but does no damage.
The ball python barely misses you. The jackal closely misses you.
You climb downwards.
Found a scroll labelled HAIWIL CEDE and a book of Conjurations.
There is a stone staircase leading up here.
The jackal bites you.
You see here a scroll labelled HAIWIL CEDE.
You are too injured to fight recklessly!
You barely miss the jackal. The jackal barely misses you.
You hit the jackal.
Your tail-slap misses the jackal.
The jackal is heavily wounded.
The jackal bites you.
You hit the jackal. You tail-slap the jackal.
You kill the jackal!
The Council accepts your kill.
You closely miss the ball python. The ball python bites you.
* * * LOW HITPOINT WARNING * * *
You barely miss the ball python. The ball python barely misses you.
You closely miss the ball python. The ball python bites you.
* * * LOW HITPOINT WARNING * * *
The ball python bites you but does no damage.
You barely miss the ball python. The ball python bites you.
You die...

## ###.# #...#
#@# ##S#.##
#<....#
#..........#
#....#.#...#
#............#
.............#
.......##.####
##:#... .#


You could see a ball python.

Vanquished Creatures
  2 jackals
  2 quokkas (D:1)
  A ball python (D:1)
  2 rats (D:1)
7 creatures vanquished.

Notes
Turn   | Place    | Note
-------+----------+-------------------------------------------
     0 | D:1      | ddubois the Palentonga Transmuter began the quest for the
                  | Orb.
     0 | D:1      | Reached XP level 1. HP: 16/16 MP: 3/3
    56 | D:1      | Found a faded altar of an unknown god.
    76 | D:1      | Prayed at the altar of an unknown god.
    76 | D:1      | Became a worshipper of the Wu Jian Council
    76 | D:1      | Reached * piety under Wu Jian
   312 | D:2      | Slain by a ball python

Illustrated notes

Levels and vault maps discovered:
D:1:      dpeg_arrival_round_b, layout_basic, ebering_ecumenical_altar_ruins,
          minmay_split_cup_large
D:2:      layout_basic, nicolae_concentric_dashed_squares_mild,
          minmay_goblin_kobold_house, uniq_robin

Action                   || total
-------------------------++-------
Melee: Unarmed           ||    34
       Tailslap          ||     2
Invok: Whirlwind         ||     2
 Abil: Rolling Charge    ||     7
Armor: Robe              ||    22
Dodge: Dodged            ||    20

Table legend: (Time is in decaauts)
 A = Elapsed time spent in this place.
 B = Non-inter-level travel time spent in this place.
 C = Inter-level travel time spent in this place.
 D = Time resting spent in this place.
 E = Time spent auto-exploring this place.
 F = Levels seen in this place.
 G = Mean time per level.
                   A        B        C        D        E       F      G
               +--------+--------+--------+--------+--------+-----+--------+
         Total |    310 |    310 |      0 |      0 |    193 |   2 |  155.0 |
       Dungeon |    310 |    310 |      0 |      0 |    193 |   2 |  155.0 |
               +--------+--------+--------+--------+--------+-----+--------+

Top non-repeatable levels by time:
     D:1: 301 daAuts
     D:2: 8 daAuts
